 Dungeon Crawl Stone Soup version 0.26.1-11-gd32895ea62 (webtiles) character file.

Game seed: 5662095025819009807

400 Phaedo the Ruffian (level 6, -5/51 HPs)
             Began as a Ghoul Monk on Apr 17, 2021.
             Was a Believer of Kikubaaqudgha.
             Slain by a hornet (16 damage)
             ... on level 6 of the Dungeon.
             The game lasted 00:08:57 (2770 turns).

Phaedo the Ruffian (Ghoul Monk)                     Turns: 2770, Time: 00:08:57

Health: -5/51      AC:  3    Str: 17    XL:     6   Next: 84%
Magic:  5/5        EV: 17    Int:  5    God:    Kikubaaqudgha [**....]
Gold:   107        SH:  0    Dex: 11    Spells: 4/5 levels left

rFire    . . .     SeeInvis .     - Unarmed
rCold    + . .     Faith    .   (no shield)
rNeg     + + +     Spirit   .   a - +0 robe
rPois    ∞         Reflect  .   (no helmet)
rElec    .         Harm     .   m - +0 cloak
rCorr    .         Rampage  .   (no gloves)
Will     .....                  (no boots)
Stlth    ++........             (no amulet)
HPRegen  0.00/turn              (no ring)
MPRegen  0.09/turn              n - +4 ring of evasion

@: no status effects
A: claws 1, cold resistance 1, negative energy resistance 3, inhibited
regeneration, torment resistance, unbreathing
a: Renounce Religion, Receive Corpses


You were on level 6 of the Dungeon.
You worshipped Kikubaaqudgha.
Kikubaaqudgha was pleased with you.
You visited 1 branch of the dungeon, and saw 4 of its levels.

You collected 107 gold pieces.

Inventory:

Missiles
 b - 35 poisoned darts (quivered)
 d - 50 arrows
 g - 45 stones
Armour
 a - a +0 robe (worn)
 m - a +0 cloak (worn)
Jewellery
 k - an uncursed ring of ice
 l - an uncursed amulet of guardian spirit
 n - a +4 ring of evasion (right claw)
Wands
 j - a wand of polymorph (11)
 p - a wand of acid (4)
Scrolls
 c - a scroll of teleportation {unknown}
 e - a scroll of identify
 f - 4 scrolls of remove curse
 q - a scroll of amnesia {unknown}
Potions
 h - 3 potions of resistance
 i - a potion of curing


   Skills:
 - Level 3.2 Fighting
 + Level 3.9 Dodging
 + Level 4.4 Stealth
 * Level 6.0 Unarmed Combat
 + Level 1.7 Necromancy


You had 4 spell levels left.
You knew the following spells:

 Your Spells              Type           Power        Failure   Level
a - Animate Skeleton      Necr           2%           26%         1

Your spell library contained the following spells:

 Spells                   Type           Power        Failure   Level
 Pain                     Necr           4%           26%         1
 Corpse Rot               Necr/Air       N/A          50%         2
 Vampiric Draining        Necr           0%           63%         3


Dungeon Overview and Level Annotations

Branches:
Dungeon (3/15)

Altars:
Dithmenos
Elyvilon
Fedhas
Kikubaaqudgha
Wu Jian
Zin


Innate Abilities, Weirdness & Mutations

You thrive by killing the living.
You are immune to poison.
You have sharp fingernails.
Your flesh is cold resistant. (rC+)
You are immune to negative energy. (rN+++)
You do not regenerate when monsters are visible.
You are immune to unholy pain and torment.
You can survive without breathing.


Message History

Unknown command.
You nearly stumble into some deep water!
The hornet stings you! The hornet stings you.
* * * LOW HITPOINT WARNING * * *
Unknown command.
You scratch the hornet.
The hornet is moderately wounded.
You feel less invigorated.
You feel less confused. The hornet stings you!
* * * LOW HITPOINT WARNING * * *
Unknown command.
Unknown command.
Unknown command.
Unknown command.
You barely miss the hornet.
The hornet is moderately wounded.
The hornet stings you!
You die...
Kikubaaqudgha rasps: "You have failed me!
Welcome... oblivion!"

... .# ##≈≈≈..≈≈≈##
#.##.#.. ##≈≈≈≈..≈≈≈≈##
#......#
##≈≈≈≈≈..≈≈≈≈≈## #..#
#≈≈≈≈≈≈..≈≈≈≈≈≈###..#
≈≈≈≈≈≈≈..≈≈≈≈≈≈≈##..####
≈≈≈≈≈≈≈..≈≈≈≈≈≈≈≈#.....#
≈≈≈≈≈≈≈..≈≈≈≈≈≈≈≈#.###.#
#y@#≈≈≈≈≈≈≈#.# #
.......##........'.#
....... #........'.#
≈≈≈≈≈≈#..#≈≈≈≈≈≈≈#.#
≈≈≈≈≈≈≈..≈≈≈≈≈≈≈≈#.#
≈≈≈≈≈≈≈..≈≈≈≈≈≈≈≈#.#
≈≈≈≈≈≈≈..≈≈≈≈≈≈≈##.#
#≈≈≈≈≈≈..≈≈≈≈≈≈##..#
≈;≈≈..≈≈≈≈≈##..##


You could see a hornet.

Vanquished Creatures
  Sigmund (D:3)
  An ogre (D:2)
  An electric eel (D:6)
  An iguana (D:6)
  3 adders
  A shadow imp (D:3)
  An ufetubus (D:6)
  An ooze (D:2)
  2 worms
  2 dart slugs
  A leopard gecko (D:3)
  4 orcs (D:3)
  8 goblins
  5 hobgoblins
  2 jackals (D:2)
  A quokka (D:6)
  5 bats
  2 frilled lizards
  2 kobolds
  A leopard gecko zombie (D:6)
  3 rats
48 creatures vanquished.

Vanquished Creatures (others)
  A kobold (D:3)
1 creature vanquished.

Grand Total: 49 creatures vanquished

Notes
Turn   | Place    | Note
-------+----------+-------------------------------------------
     0 | D:1      | Phaedo the Ghoul Monk began the quest for the Orb.
     0 | D:1      | Reached XP level 1. HP: 19/19 MP: 0/0
   332 | D:1      | Reached XP level 2. HP: 22/26 MP: 1/1
  1202 | D:2      | Found a faded altar of an unknown god.
  1214 | D:2      | Reached XP level 3. HP: 27/31 MP: 2/2
  1286 | D:2      | Noticed an ogre
  1297 | D:2      | Killed an ogre
  1298 | D:2      | Reached skill level 4 in Unarmed Combat
  1298 | D:2      | Reached XP level 4. HP: 38/38 MP: 3/3
  1443 | D:2      | Reached XP level 5. HP: 44/45 MP: 4/4
  1477 | D:2      | Found an ancient bone altar of Kikubaaqudgha.
  1483 | D:2      | Became a worshipper of Kikubaaqudgha
  1483 | D:2      | Reached * piety under Kikubaaqudgha
  1483 | D:2      | Identified Kikubaaqudgha's Grimoire of Sinister Rituals
                  | (Kikubaaqudgha gifted it to you on level 2 of the Dungeon)
  1483 | D:2      | Received a gift from Kikubaaqudgha
  1483 | D:2      | Reached ** piety under Kikubaaqudgha
  1504 | D:2      | Learned a level 1 spell: Animate Skeleton
  1566 | D:2      | Reached skill level 5 in Unarmed Combat
  1748 | D:2      | Found a blossoming altar of Fedhas.
  1749 | D:2      | Found a shadowy altar of Dithmenos.
  1750 | D:2      | Found an ornate altar of the Wu Jian Council.
  1755 | D:2      | Found a white marble altar of Elyvilon.
  1791 | D:3      | Found a glowing silver altar of Zin.
  2244 | D:3      | Noticed Sigmund
  2277 | D:3      | Killed Sigmund
  2278 | D:3      | Reached skill level 1 in Necromancy
  2278 | D:3      | Reached XP level 6. HP: 12/51 MP: 5/5
  2546 | D:3      | You fall into a shaft and drop 3 floors!
  2739 | D:6      | Reached skill level 6 in Unarmed Combat
  2758 | D:6      | Noticed a hornet
  2770 | D:6      | Slain by a hornet

Illustrated notes

Levels and vault maps discovered:
D:1:      lemuel_arrival_room, layout_loops_corners, kennysheep_small_spiral
D:2:      layout_rooms, kiku_gazebo_pond_becter, minitemple,
          chequers_ecumenical_altar_simple_redux
D:3:      layout_rooms, old_standard_altar, uniq_terence, uniq_sigmund
D:6:      kennysheep_big_flooded_room, layout_basic, chequers_arboretum

Skill      XL: |  1  2  3  4  5  6 |
---------------+-------------------+-----
Dodging        | 3 |  3.9
Stealth        | 3 4 |  4.4
Unarmed Combat | 4 5 6 |  6.0
Necromancy     | 1 |  1.7
Fighting       | |  3.2

Action                   |  1- 3 |  4- 6 || total
-------------------------+-------+-------++-------
Melee: Unarmed           |    35 |   119 ||   154
       Punch             |       |     2 ||     2
Throw: Dart              |    14 |    31 ||    45
  Use: Scroll            |       |     5 ||     5
       Potion            |       |     1 ||     1
 Stab: Sleeping          |     2 |     4 ||     6
Armor: Robe              |    11 |    15 ||    26
Dodge: Dodged            |    25 |    85 ||   110
